 Dungeon Crawl Stone Soup version 0.28-a0-1213-g0243856f03 (webtiles) character file.

Game seed: 1540965380176953200

1578 flotson the Skirmisher (level 8, -3/62 HPs)
             Began as a Demonspawn Gladiator on Dec 22, 2021.
             Shot with an arrow by a centaur (5 damage)
             ... on level 6 of the Dungeon.
             The game lasted 00:09:29 (7307 turns).

flotson the Skirmisher (Demonspawn Gladiator)       Turns: 7307, Time: 00:09:30

Health: -3/62      AC:  7    Str: 16    XL:     8   Next: 60%
Magic:  8/8        EV: 13    Int:  9    God:
Gold:   268        SH:  8    Dex: 20    Spells: 7/7 levels left

rFire   . . .      SeeInvis .   b - +3 trident
rCold   . . .      Faith    .   y - +2 buckler
rNeg    . . .      Spirit   .   e - +0 ring mail
rPois   +          Reflect  .   c - +0 helmet
rElec   .          Harm     .   (no cloak)
rCorr   .          Rampage  .   (no gloves)
Will    .....                   (no boots)
Stlth   +++.......              (no amulet)
HPRegen 0.20/turn               p - ring of poison resistance
MPRegen 0.11/turn               x - ring of flight

@: flying
A: thin skeletal structure 2, demonic touch 2
a: no special abilities


You were on level 6 of the Dungeon.
You visited 1 branch of the dungeon, and saw 6 of its levels.
You also visited: Ossuary.

You collected 268 gold pieces.

Inventory:

Hand Weapons
 a - a +0 war axe
 b - a +3 trident (weapon)
Missiles
 d - 2 throwing nets (quivered)
 g - 13 boomerangs
 h - 8 atropa-tipped darts
Armour
 c - a +0 helmet (worn)
 e - a +0 ring mail (worn)
 y - a +2 buckler (worn)
Jewellery
 p - a ring of poison resistance (left hand)
 x - a ring of flight (right hand)
Wands
 q - a wand of digging (2)
 r - a wand of paralysis (3)
Scrolls
 f - 3 scrolls of teleportation {unknown}
 i - 4 scrolls of identify {unknown}
 j - a scroll of fog {unknown}
 n - a scroll of blinking {unknown}
 t - a scroll of silence {unknown}
 w - a scroll of immolation {unknown}
Potions
 l - 3 potions of flight {unknown}
 m - a potion of resistance {unknown}
 o - 3 potions of lignification
 s - 2 potions of degeneration {unknown}
 u - 2 potions of magic {unknown}
 v - a potion of heal wounds {unknown}
 z - 2 potions of invisibility {unknown}


   Skills:
 + Level 5.2 Fighting
 + Level 2.6 Axes
 + Level 4.7 Throwing
 + Level 4.1 Armour
 + Level 5.1 Dodging
 - Level 4.0 Shields
 + Level 1.3 Evocations


You had 7 spell levels left.
You didn't know any spells.
Your spell library contained the following spells:

 Spells                   Type           Power      Damage    Failure   Level
 Animate Skeleton         Necr           0%         N/A       58%         1
 Apportation              Tloc           0%         N/A       58%         1
 Magic Dart               Conj           0%         1d3       58%         1
 Summon Small Mammal      Summ           0%         N/A       58%         1
 Call Imp                 Summ           0%         N/A       73%         2
 Call Canine Familiar     Summ           0%         N/A       91%         3
 Mephitic Cloud           Conj/Pois/Air  0%         N/A       91%         3
 Summon Guardian Golem    Hex/Summ       0%         N/A       91%         3
 Airstrike                Air            0%         N/A       100%        4
 Fulminant Prism          Conj/Hex       0%         3d6       100%        4
 Iskenderun's Mystic Bla  Conj/Tloc      0%         2d3       100%        4
 Summon Lightning Spire   Summ/Air       0%         N/A       100%        4
 Lee's Rapid Deconstruct  Erth           0%         3d5*      100%        5
 Lightning Bolt           Conj/Air       0%         1d11      100%        5
 Chain Lightning          Conj/Air       0%         N/A       100%        9
 Fire Storm               Conj/Fire      0%         5d1       100%        9
 Shatter                  Erth           0%         3d5*      100%        9


Dungeon Overview and Level Annotations

Branches:
Dungeon (6/15)            Ossuary (visited)
 Temple: D:4-7

Altars:
Ru
Vehumet
Wu Jian
Xom


Innate Abilities, Weirdness & Mutations

You have a moderately thin skeletal structure. (Dex +4, Stealth++)
Your touch may inflict irresistible damage on your foes.


Message History

You see here a +0 leather armour.
An ogre comes into view. It is wielding a +0 giant spiked club.
There is a stone staircase leading down here.
A centaur comes into view.
You reach to attack!
The helpless ogre fails to defend itself.
You hit the ogre.
The ogre is lightly wounded.
The centaur shouts!
Something shouts, "Escape, thou fulsome rude-growing blabberskite!"
The centaur wields a +0 shortbow.
The centaur shoots an arrow.
The arrow hits you!
The centaur shoots an arrow.
The arrow hits you.
The centaur shoots an arrow.
The arrow hits you!
You hit the ogre.
The ogre is moderately wounded.
The ogre barely misses you.
You barely miss the ogre.
The ogre is moderately wounded.
The ogre barely misses you.
You puncture the ogre!
The ogre is severely wounded.
You block the ogre's attack.
You hit the ogre.
The ogre is severely wounded.
The ogre hits you with a +0 giant spiked club!!
* * * LOW HITPOINT WARNING * * *
Throw: 3 throwing nets
Press: ? - help, Q - select action, (/) - cycle Shift-Dir - straight line, f/p - ogre
Aim: an ogre, wielding a +0 giant spiked club (severely wounded, 79% to hit)
You throw a throwing net. The throwing net hits the ogre.
The ogre is caught in the net!
The ogre is severely wounded.
You catch the helpless ogre completely off-guard!
You puncture the ogre!
You kill the ogre!
The centaur shoots an arrow.
The arrow hits you!
* * * LOW HITPOINT WARNING * * *
The centaur shoots an arrow.
The arrow hits you.
You die...

#.# #.# ..# ### ###
### # #.. ..# #
###.# #.# # #...####
#/# #
#......#####.#####
###...##.....>c)@..#
............[#.###.#
####..######.#.# ..
####..## #.#.# ...
.......# #.#.# ...
.....>.......... ..
######.#########. .
.# .. .# .#


You could see a centaur.

Vanquished Creatures
  Grinder (D:5)
  Edmund (D:5)
  An ice beast (D:3)
  A black bear (D:6)
  4 ogres
  A hornet zombie (D:5)
  A phantom (D:6)
  Blork the orc (D:4)
  A scorpion (D:5)
  A water moccasin zombie (Ossuary)
  2 howler monkeys
  A centaur zombie (D:6)
  A jelly (D:4)
  Terence (D:3)
  2 hound skeletons (D:4)
  2 mummies (Ossuary)
  7 gnolls
  10 adders
  A howler monkey skeleton (D:5)
  2 white imps
  An ufetubus (D:5)
  An adder zombie (Ossuary)
  A worm (D:3)
  A dart slug (D:1)
  15 orcs
  5 endoplasms
  5 giant cockroaches
  4 goblins
  11 hobgoblins
  2 jackals (D:3)
  4 kobolds
  4 quokkas
  5 ball pythons
  3 bats
  A frilled lizard (D:1)
  3 gnoll zombies (Ossuary)
  A hobgoblin zombie (Ossuary)
  3 kobold zombies (Ossuary)
  10 orc zombies (Ossuary)
  6 rats (D:1)
128 creatures vanquished.

Notes
Turn   | Place    | Note
-------+----------+-------------------------------------------
     0 | D:1      | flotson the Demonspawn Gladiator began the quest for the
                  | Orb.
     0 | D:1      | Reached XP level 1. HP: 16/16 MP: 1/1
   315 | D:1      | Gained mutation: Your touch may inflict minor irresistible
                  | damage on your foes. [demonic ancestry]
   315 | D:1      | Reached XP level 2. HP: 20/22 MP: 2/2
   879 | D:2      | Reached skill level 1 in Armour
   886 | D:2      | Reached XP level 3. HP: 15/28 MP: 3/3
  1685 | D:3      | Reached XP level 4. HP: 12/34 MP: 4/4
  2003 | D:3      | Reached skill level 1 in Shields
  2319 | D:3      | Noticed an ice beast
  2328 | D:3      | Killed an ice beast
  2329 | D:3      | Gained mutation: Your touch may inflict irresistible damage
                  | on your foes. [demonic ancestry]
  2329 | D:3      | Reached XP level 5. HP: 18/41 MP: 5/5
  2709 | D:3      | Noticed Terence
  2731 | D:3      | Killed Terence
  3169 | D:4      | Gained mutation: You have a somewhat thin skeletal
                  | structure. (Dex +2, Stealth+) [demonic ancestry]
  3169 | D:4      | Reached XP level 6. HP: 19/47 MP: 6/6
  3524 | D:4      | Noticed Blork the orc
  3534 | D:4      | Killed Blork the orc
  3955 | D:4      | HP: 1/47 [ogre (27)]
  4564 | D:5      | Entered Level 5 of the Dungeon
  4564 | D:5      | Noticed Grinder
  4635 | D:5      | Reached XP level 7. HP: 42/53 MP: 7/7
  4695 | D:5      | Found a sand-covered staircase.
  4709 | Ossuary  | Entered an ossuary
  5538 | D:5      | Found a faded altar of an unknown god.
  5538 | D:5      | Found a shimmering altar of Xom.
  5546 | D:5      | Found a radiant altar of Vehumet.
  5548 | D:5      | Found an ornate altar of the Wu Jian Council.
  5550 | D:5      | Found a sacrificial altar of Ru.
  5579 | D:5      | Paralysed by Grinder for 2 turns
  5593 | D:5      | HP: 1/54 [Grinder/nerve-wracking pain (9)]
  5597 | D:5      | Killed Grinder
  5966 | D:5      | Noticed Edmund
  5979 | D:5      | Killed Edmund
  5980 | D:5      | Gained mutation: You have a moderately thin skeletal
                  | structure. (Dex +4, Stealth++) [demonic ancestry]
  5980 | D:5      | Reached XP level 8. HP: 33/60 MP: 8/8
  6925 | D:6      | Reached skill level 5 in Fighting
  6925 | D:6      | Reached skill level 5 in Dodging
  7084 | D:6      | Reached skill level 1 in Evocations
  7307 | D:6      | HP: 2/62 [centaur/arrow (8)]
  7307 | D:6      | Shot with an arrow by a centaur

Illustrated notes

Levels and vault maps discovered:
D:1:      minmay_arrival_stair_chambers, layout_loops_ring, minmay_unequal
D:2:      layout_rooms
D:3:      layout_loops_cross, uniq_terence
D:4:      layout_basic, uniq_blork_the_orc
D:5:      layout_loops_cross, chequers_temple_overflow_minitemple,
          nicolae_ossuary_entry_false_entrances, minmay_misc_feat_plants,
          hangedman_abyss_or_decor_passed, uniq_edmund, uniq_grinder
D:6:      layout_loops_ring, minmay_temple_entry_mini_moons, uniq_prince_ribbit1

Skill      XL: |  1  2  3  4  5  6  7  8 |
---------------+-------------------------+-----
Throwing       | 2 3 4 |  4.7
Armour         | 1 2 3 4 |  4.1
Dodging        | 3 4 5 |  5.1
Shields        | 1 2 3 4 |  4.0
Fighting       | 3 4 5 |  5.2
Evocations     | 1 |  1.3
Axes           | |  2.6

Action                   |  1- 3 |  4- 6 |  7- 9 || total
-------------------------+-------+-------+-------++-------
Melee: War axe           |   107 |   173 |   159 ||   439
       Touch             |     4 |       |       ||     4
       Trident           |       |       |    51 ||    51
Throw: Dart              |       |     9 |    17 ||    26
       Throwing net      |       |     4 |     3 ||     7
       Boomerang         |       |       |     5 ||     5
  Use: Potion            |     1 |       |     2 ||     3
 Stab: Invisible         |       |     2 |     3 ||     5
       Sleeping          |       |     2 |     6 ||     8
       Held in net/web   |       |     2 |     2 ||     4
Armor: Leather armour    |    24 |       |       ||    24
       Ring mail         |    14 |    52 |    54 ||   120
       Skin              |       |       |     1 ||     1
Dodge: Dodged            |    78 |   104 |   123 ||   305
Block: Buckler           |    18 |    32 |    47 ||    97

Table legend: (Time is in decaauts)
 A = Elapsed time spent in this place.
 B = Non-inter-level travel time spent in this place.
 C = Inter-level travel time spent in this place.
 D = Time resting spent in this place.
 E = Time spent auto-exploring this place.
 F = Levels seen in this place.
 G = Mean time per level.
                   A        B        C        D        E       F      G
               +--------+--------+--------+--------+--------+-----+--------+
         Total |   7492 |   7400 |     92 |     42 |   6032 |   7 | 1070.3 |
       Dungeon |   7067 |   6975 |     92 |     42 |   5718 |   6 | 1177.8 |
       Ossuary |    425 |    425 |      0 |      0 |    314 |   1 |  425.0 |
               +--------+--------+--------+--------+--------+-----+--------+

Top non-repeatable levels by time:
     D:5: 1949 daAuts
     D:4: 1540 daAuts
     D:3: 1432 daAuts
     D:1: 862 daAuts
     D:2: 838 daAuts
     D:6: 444 daAuts
 Ossuary: 425 daAuts
